 Dungeon Crawl Stone Soup version 0.27.0-1-g7a089689b8 (webtiles) character file.

Game seed: 14455927351864241940

886 GordonOverkill the Chucker (level 7, -1/36 (43) HPs)
             Began as a Deep Elf Brigand on Aug 8, 2021.
             Was an Initiate of Dithmenos.
             Slain by Maggie (3 damage)
             ... on level 6 of the Dungeon.
             The game lasted 00:16:22 (7841 turns).

GordonOverkill the Chucker (Deep Elf Brigand)       Turns: 7841, Time: 00:16:23

HP:   -1/36 (43)    AC:  8    Str: 10    XL:     7   Next: 77%
MP:   11/11         EV: 10    Int: 16    God:    Dithmenos [......]
Gold: 236           SH:  0    Dex: 16    Spells: 6/6 levels left

rFire    + . .     SeeInvis .   e - +5 dagger
rCold    + . .     Faith    .   (no shield)
rNeg     . . .     Spirit   .   h - +0 ring mail
rPois    +         Reflect  .   (no helmet)
rElec    +         Harm     .   c - +0 cloak
rCorr    +         Rampage  .   o - +0 pair of gloves
Will     .....                  f - +0 pair of boots
Stlth    +.........             (no amulet)
HPRegen  0.12/turn              (no ring)
MPRegen  0.12/turn              (no ring)

@: confused, resistant, ambrosia-drunk, attractive, hasted, heavily drained,
very quick
A: no striking features
a: Renounce Religion


You were on level 6 of the Dungeon.
You worshipped Dithmenos.
Dithmenos was noncommittal.
You visited 1 branch of the dungeon, and saw 6 of its levels.

You collected 236 gold pieces.

Inventory:

Hand Weapons
 e - a +5 dagger (weapon)
Missiles
 d - 6 poisoned darts (quivered)
Armour
 c - a +0 cloak (worn)
 f - a +0 pair of boots (worn)
 h - a +0 ring mail (worn)
 l - a +0 scale mail
 o - a +0 pair of gloves (worn)
Jewellery
 s - a ring of fire
Scrolls
 a - a scroll of blinking {unknown}
 g - a scroll of noise {unknown}
 i - 2 scrolls of enchant weapon
 k - a scroll of immolation
 m - a scroll of teleportation
 n - a scroll of amnesia {unknown}
 t - a scroll of fog {unknown}
 v - a scroll of enchant armour {unknown}
 x - 3 scrolls of magic mapping {unknown}
Potions
 b - 2 potions of flight


   Skills:
 + Level 4.1 Fighting
 + Level 5.0 Short Blades
 + Level 5.0 Throwing
 - Level 1.2 Dodging
 - Level 4.8 Stealth
 + Level 3.7 Invocations


You had 6 spell levels left.
You didn't know any spells.
Your spell library contained the following spells:

 Spells                   Type           Power      Damage    Failure   Level
 Sting                    Tmut/Pois      0%         1d3       54%         1
 Poisonous Vapours        Pois/Air       0%         N/A       69%         2
 Olgreb's Toxic Radiance  Pois           0%         N/A       100%        4


Dungeon Overview and Level Annotations

Branches:
Dungeon (6/15)
 Temple: D:4-7

Altars:
Dithmenos

Shops:
D:1 [

Annotations:
D:6 Maggie


Message History

Aim: Maggie, wielding a +0 halberd of draining and wearing +0 steam dragon scales (moderately wounded, mesmerising, poisoned, 64% to hit)
You throw a poisoned dart. The poisoned dart hits Maggie.
Maggie looks even sicker.
Maggie is moderately wounded.
Throw: 9 darts (poison)
Press: ? - help, Q - select action Shift-Dir - straight line, f/p - Maggie
Aim: Maggie, wielding a +0 halberd of draining and wearing +0 steam dragon scales (moderately wounded, mesmerising, very poisoned, 64% to hit)
You throw a poisoned dart. The poisoned dart barely misses Maggie.
Maggie hits you with a +0 halberd of draining.
* * * LOW HITPOINT WARNING * * *
You feel drained.
Throw: 8 darts (poison)
Press: ? - help, Q - select action Shift-Dir - straight line, f/p - Maggie
Aim: Maggie, wielding a +0 halberd of draining and wearing +0 steam dragon scales (moderately wounded, mesmerising, very poisoned, 64% to hit)
You throw a poisoned dart.
The poisoned dart closely misses Maggie.
Throw: 7 darts (poison)
Press: ? - help, Q - select action Shift-Dir - straight line, f/p - Maggie
Aim: Maggie, wielding a +0 halberd of draining and wearing +0 steam dragon scales (moderately wounded, mesmerising, very poisoned, 64% to hit)
You throw a poisoned dart. The poisoned dart hits Maggie!
Maggie looks as sick as possible!
Maggie is moderately wounded.
Maggie barely misses you.
You hit Maggie but do no damage.
Maggie is moderately wounded.
You hit Maggie but do no damage.
Maggie is heavily wounded.
You break out of your daze.
Maggie hits you with a +0 halberd of draining!
* * * LOW HITPOINT WARNING * * *
You feel drained.
* * * LOW HITPOINT WARNING * * *
You hit Maggie.
Maggie is heavily wounded.
You are confused.
You feel invigorated.
Maggie hits you with a +0 halberd of draining!
* * * LOW HITPOINT WARNING * * *
You feel drained.
You die...

... .... .....
########......
#(....@.......
#.#####.......
#.# .......
#@# #......
#@# ...... #.#
...... #.#
..... #.#
..... #####.#
#.....# #
#.#####.#
###.#####.#
#.........#


You could see Maggie (extremely poisoned).

Vanquished Creatures
  A black bear (D:5)
  A sky beast (D:6)
  An ogre (D:4)
  2 scorpions
  A water moccasin skeleton (D:5)
  A bullfrog zombie (D:5)
  A centaur skeleton (D:2)
  2 hounds
  A jelly (D:5)
  A bullfrog skeleton (D:4)
  Ijyb (D:4)
  2 orc wizards
  A scorpion zombie (D:5)
  A hound skeleton (D:5)
  6 adders
  An adder skeleton (D:4)
  3 worms
  3 dart slugs
  7 orcs
  8 ball pythons
  10 endoplasms
  2 giant cockroaches (D:1)
  4 goblins
  6 hobgoblins
  4 jackals (D:3)
  3 quokkas
  6 bats
  5 frilled lizards
  5 kobolds
  3 rats
93 creatures vanquished.

Notes
Turn   | Place    | Note
-------+----------+-------------------------------------------
     0 | D:1      | GordonOverkill the Deep Elf Brigand began the quest for the
                  | Orb.
     0 | D:1      | Reached XP level 1. HP: 12/12 MP: 3/3
    27 | D:1      | Found a faded altar of an unknown god.
   195 | D:1      | Found Loplyin's Armour Shoppe.
   277 | D:1      | Reached XP level 2. HP: 17/17 MP: 4/4
  1409 | D:2      | Reached XP level 3. HP: 20/21 MP: 5/5
  2472 | D:3      | Reached XP level 4. HP: 27/27 MP: 6/6
  3500 | D:3      | Found a shadowy altar of Dithmenos.
  3537 | D:3      | Reached XP level 5. HP: 24/31 MP: 7/7
  3614 | D:3      | Became a worshipper of Dithmenos the Shadowed
  4219 | D:4      | Noticed Ijyb
  4236 | D:4      | Paralysed by Ijyb for 4 turns
  4247 | D:4      | Paralysed by Ijyb for 2 turns
  4274 | D:4      | Killed Ijyb
  4356 | D:4      | Identified the +0 chain mail of the Shrike {Int+3 Slay+3}
  4491 | D:4      | Reached skill level 1 in Invocations
  4900 | D:4      | Reached XP level 6. HP: 30/37 MP: 9/9
  5239 | D:5      | Entered Level 5 of the Dungeon
  5883 | D:5      | Reached XP level 7. HP: 24/42 MP: 9/11
  6098 | D:5      | Reached * piety under Dithmenos
  7773 | D:6      | Reached skill level 5 in Short Blades
  7773 | D:6      | Reached skill level 5 in Throwing
  7797 | D:6      | Noticed Maggie
  7841 | D:6      | Slain by Maggie

Illustrated notes

Levels and vault maps discovered:
D:1:      nzn_arrival_settlement, layout_loops_ring, serial_shops, shop,
          dreamdust_ecumenical_altar_grove, minmay_circled_x
D:2:      layout_basic, grunt_ministairs_9, minmay_misc_feat_chi
D:3:      minmay_razor_zed, layout_basic,
          nicolae_dithmenos_through_a_glass_darkly
D:4:      layout_basic, minivault_4, hangedman_decor_peaks_small, uniq_ijyb
D:5:      layout_rooms
D:6:      layout_basic, mainiacjoe_overflow_alcove_4, cheibriados_altar_1,
          gammafunk_temple_overflow_elements, uniq_maggie

Skill      XL: |  1  2  3  4  5  6  7 |
---------------+----------------------+-----
Fighting       | 2 3 4 |  4.1
Throwing       | 3 4 5 |  5.0
Short Blades   | 3 4 5 |  5.0
Invocations    | 1 2 3 |  3.7
Dodging        | |  1.2
Stealth        | |  4.8

Action                   |  1- 3 |  4- 6 |  7- 9 || total
-------------------------+-------+-------+-------++-------
Melee: Dagger            |    69 |   200 |    36 ||   305
Throw: Dart              |    56 |   103 |    20 ||   179
  Use: Scroll            |       |     7 |       ||     7
       Potion            |       |     8 |     5 ||    13
 Stab: Sleeping          |     2 |     1 |     3 ||     6
Armor: Ring mail         |    41 |    74 |     3 ||   118
Dodge: Dodged            |    31 |   104 |    14 ||   149
